 Dungeon Crawl Stone Soup version 0.29-a0-270-g1586fc07ea (webtiles) character file.

Game seed: 12643058444036850700

46 bearlyready the Bolt Thrower (level 3, 0/21 HPs)
             Began as a Kobold Hunter on Mar 8, 2022.
             Slain by a gnoll
             ... wielding a +0 whip
              (6 damage)
             ... on level 1 of the Dungeon.
             The game lasted 00:01:47 (1538 turns).

bearlyready the Bolt Thrower (Kobold Hunter)        Turns: 1538, Time: 00:01:48

Health: 0/21       AC:  3    Str:  9    XL:     3   Next: 95%
Magic:  3/3        EV: 14    Int: 12    God:
Gold:   47         SH:  0    Dex: 17    Spells: 2/2 levels left

rFire   . . .      SeeInvis .   a - +1 hand crossbow
rCold   . . .      Faith    .   (no shield)
rNeg    . . .      Spirit   .   b - +0 leather armour
rPois   .          Reflect  .   (no helmet)
rElec   .          Harm     .   (no cloak)
rCorr   .          Rampage  .   (no gloves)
Will    .....                   (no boots)
Stlth   +++.......              (no amulet)
HPRegen 0.07/turn               (no ring)
MPRegen 0.08/turn               (no ring)

@: no status effects
A: small, no large weapons, nightstalker 3
a: no special abilities


You were on level 1 of the Dungeon.
You visited 1 branch of the dungeon, and saw 2 of its levels.

You collected 47 gold pieces.

Inventory:

Hand Weapons
 a - a +1 hand crossbow (weapon)
Missiles
 d - 70 stones
 g - 3 poisoned darts
Armour
 b - a +0 leather armour (worn)
Scrolls
 c - a scroll of immolation
 e - a scroll of fog {unknown}
 f - 2 scrolls of vulnerability {unknown}
 h - a scroll of silence {unknown}
 l - a scroll of identify {unknown}
 m - a scroll of enchant armour {unknown}
Potions
 i - a potion of mutation {unknown}
 j - 2 potions of curing {unknown}
 k - a potion of haste {unknown}


   Skills:
 - Level 2.1 Fighting
 + Level 6.2 Crossbows
 - Level 2.4 Dodging
 + Level 3.6 Stealth


You had 2 spell levels left.
You didn't know any spells.
Your spell library contained the following spells:

 Spells                   Type           Power      Damage    Failure   Level
 Magic Dart               Conj           0%         1d3       43%         1
 Searing Ray              Conj           0%         2d4       56%         2
 Fulminant Prism          Conj/Hex       0%         3d6       99%         4


Dungeon Overview and Level Annotations

Branches:
Dungeon (2/15)

Altars:
Zin

Annotations:
D:2 Robin


Innate Abilities, Weirdness & Mutations

You are small and have problems with some larger weapons.
You are completely attuned to the shadows.


Message History

You shoot a bolt. The goblin shouts!
The bolt hits the goblin.
You kill the goblin!
Robin throws the goblin at you!
A gnoll comes into view. It is wielding a +0 halberd.
The goblin closely misses you.
Really attack while wielding your +1 hand crossbow? [Y]es or [N]o only, please.
Really attack while wielding your +1 hand crossbow? [Y]es or [N]o only, please.
Really attack while wielding your +1 hand crossbow?
Okay, then.
The gnoll attacks as you move away! The gnoll misses you.
The goblin barely misses you. The goblin closely misses you.
The goblin attacks as you move away! The goblin misses you.
The gnoll attacks as you move away! The gnoll hits you with a +0 whip.
Robin roars a battlecry!
The goblin goes into a battle-frenzy!
The gnoll misses you. The gnoll attacks as you move away!
The gnoll closely misses you.
There is a glowing silver altar of Zin here.
The gnoll attacks as you move away! The gnoll barely misses you.
The gnoll attacks as you move away! The gnoll barely misses you.
The gnoll attacks as you move away! The gnoll completely misses you.
The gnoll attacks as you move away! The gnoll barely misses you.
The gnoll attacks as you move away! The gnoll barely misses you.
The gnoll attacks as you move away! The gnoll hits you with a +0 whip.
The gnoll attacks as you move away! The gnoll hits you with a +0 whip.
The gnoll attacks as you move away! The gnoll hits you but does no damage.
The gnoll attacks as you move away! The gnoll misses you.
There is a stone staircase leading up here.
The gnoll barely misses you.
The gnoll hits you from afar with a +0 halberd!
* * * LOW HITPOINT WARNING * * *
You climb upwards.
There is a stone staircase leading down here.
The gnoll attacks as you move away! The gnoll hits you with a +0 whip.
You die...

################# #######
................####.....#
#.#############..........# ###
#.# #######.g........######.. #.#
#.......@........'....'.. #.#
#.#####..........######.. #.#
#####.....#..###.....# ###
#.###.........#.......####
..............#..####'###
#####.#######.#..##.....#
#............##.##.....#
##.###........##.##.....#
..............##.####'###########


You could see a gnoll.

Vanquished Creatures
  A gnoll (D:2)
  A worm (D:2)
  4 endoplasms
  7 goblins
  6 hobgoblins
  3 jackals (D:2)
  A kobold (D:1)
  A quokka (D:1)
  2 ball pythons
  A bat (D:1)
  A rat (D:1)
28 creatures vanquished.

Notes
Turn   | Place    | Note
-------+----------+-------------------------------------------
     0 | D:1      | bearlyready the Kobold Hunter began the quest for the Orb.
     0 | D:1      | Reached XP level 1. HP: 12/12 MP: 1/1
   106 | D:1      | Reached XP level 2. HP: 17/17 MP: 2/2
  1078 | D:2      | Reached XP level 3. HP: 21/21 MP: 3/3
  1269 | D:2      | Reached skill level 6 in Crossbows
  1466 | D:2      | Found a glowing silver altar of Zin.
  1498 | D:2      | Noticed Robin
  1538 | D:1      | Slain by a gnoll

Illustrated notes

Levels and vault maps discovered:
D:1:      dpeg_arrival_connections, layout_basic
D:2:      layout_loops_cross, basic_altar, chequers_serial_rivers_micro_a,
          uniq_robin

Skill      XL: |  1  2  3 |
---------------+----------+-----
Stealth        | 2 3 |  3.6
Crossbows      | 6 |  6.2
Fighting       | |  2.1
Dodging        | |  2.4

Action                   || total
-------------------------++-------
 Fire: Hand crossbow     ||    69
  Use: Potion            ||     1
Armor: Leather armour    ||     7
       Skin              ||     1
Dodge: Dodged            ||    30

Table legend: (Time is in decaauts)
 A = Elapsed time spent in this place.
 B = Non-inter-level travel time spent in this place.
 C = Inter-level travel time spent in this place.
 D = Time resting spent in this place.
 E = Time spent auto-exploring this place.
 F = Levels seen in this place.
 G = Mean time per level.
                   A        B        C        D        E       F      G
               +--------+--------+--------+--------+--------+-----+--------+
         Total |   1555 |   1551 |      4 |      2 |   1365 |   2 |  777.5 |
       Dungeon |   1555 |   1551 |      4 |      2 |   1365 |   2 |  777.5 |
               +--------+--------+--------+--------+--------+-----+--------+

Top non-repeatable levels by time:
     D:1: 967 daAuts
     D:2: 588 daAuts
